 Dungeon Crawl Stone Soup version 0.27-a0-1312-g5cdb2b3542 (webtiles) character file.

Game seed: 9232744213777730747

214 dickylongcocking the Stinger (level 5, -1/52 HPs)
             Began as a Demonspawn Venom Mage on June 20, 2021.
             Slain by an ogre (12 damage)
             ... on level 4 of the Dungeon.
             The game lasted 00:04:45 (3663 turns).

dickylongcocking the Stinger (DsVM)                 Turns: 3663, Time: 00:04:46

Health: -1/52      AC: 22    Str:  8      XL:     5   Next: 60%
Magic:  0/9        EV:  2    Int: 16 (17) God:
Gold:   52         SH:  4    Dex: 14      Spells: 5/11 levels left

rFire    . . .     SeeInvis .   (no weapon)
rCold    . . .     Faith    .   (no shield)
rNeg     + + +     Spirit   .   (armour currently unavailable)
rPois    +         Reflect  .   (helmet currently unavailable)
rElec    .         Harm     .   (cloak currently unavailable)
rCorr    .         Rampage  .   (gloves currently unavailable)
Will     .....     NoTele   +   (boots currently unavailable)
Stlth    ++........             (no amulet)
HPRegen  0.17/turn              (no ring)
MPRegen  0.11/turn              (no ring)

@: tree-form
A: stationary, stasis, torment immunity, boosted hp, (talons 1), condensation
shield, low mp 1, wild magic 2
a: no special abilities


You were on level 4 of the Dungeon.
You were a tree.
You visited 1 branch of the dungeon, and saw 4 of its levels.

You collected 85 gold pieces.
You spent 33 gold pieces at shops.

Inventory:

Hand Weapons
 e - a +0 dagger
Armour
 a - a +0 robe
 d - a +0 pair of gloves
 f - a +0 troll leather armour (melded)
 k - a +0 helmet (melded)
 m - a +2 pair of gloves (melded)
Magical Staves
 b - a staff of air
Scrolls
 c - 3 scrolls of teleportation
 g - a scroll of enchant armour
 h - a scroll of identify {unknown}
 j - 2 scrolls of vulnerability {unknown}
 l - a scroll of amnesia {unknown}


   Skills:
 * Level 0.1 Armour
 - Level 1.7 Dodging
 - Level 1.7 Stealth
 * Level 3.5 Spellcasting
 * Level 2.9 Transmutations
 * Level 4.3 Poison Magic


You had 5 spell levels left.
You knew the following spells:

 Your Spells              Type           Power      Damage    Failure   Level
a - Sting                 Tmut/Pois      92%        1d7       11%         1
i - Ignite Poison         Fire/Tmut/Pois 16%        N/A       36%         3
p - Poisonous Vapours     Pois/Air       30%        N/A       22%         2

Your spell library contained the following spells:

 Spells                   Type           Power      Damage    Failure   Level
 Mephitic Cloud           Conj/Pois/Air  11%        N/A       45%         3
 Olgreb's Toxic Radiance  Pois           26%        N/A       45%         4


Dungeon Overview and Level Annotations

Branches:
Dungeon (4/15)
 Temple: D:4-7

Altars:

Shops:
D:2 (*[*?


Innate Abilities, Weirdness & Mutations

You are a tree.
Your roots penetrate the ground, keeping you stationary.
You cannot be teleported.
You are immune to unholy pain and torment.
Your maximum health is greatly increased.
Your equipment is partially melded.
((You have sharp toenails.))
A meltable shield of frost defends you. (SH +4)
Your magical capacity is low. (-10% MP)
Your spells are harder to cast, but more powerful.


Message History

The ogre hits you with a +0 giant spiked club!
The adder bites you but does no damage.
Unknown command.
You aren't carrying any potions.
Unknown command.
You barely miss the adder.
The adder is severely wounded.
You feel sick. The adder bites you but does no damage.
You block the ogre's attack.
Unknown command.
You closely miss the adder.
The adder is severely wounded.
You feel sick. The adder bites you but does no damage.
Unknown command.
You hit the adder.
You kill the adder!
You feel sick.
The ogre hits you with a +0 giant spiked club!!
* * * LOW HITPOINT WARNING * * *
Unknown command.
Unknown command.
Casting: Sting (safe; 11% risk of failure)
Confirm with . or Enter, or press ? or * to list all spells.
Aiming: Sting (safe; 11% risk of failure)
Press: ? - help, Shift-Dir - straight line, f/p - ogre
Aim: an ogre, wielding a +0 giant spiked club (89% to hit)
The sting hits the ogre.
The ogre is poisoned.
The ogre is moderately wounded.
You feel sick. The ogre hits you but does no damage.
Unknown command.
Unknown command.
You aren't carrying any potions.
Unknown command.
As you read the scroll labelled MIYZUJOIXZEE, it crumbles to dust.
It is a scroll of enchant armour.
Your +1 pair of gloves glows green for a moment.
You feel sick.
You are no longer poisoned.
The ogre hits you with a +0 giant spiked club!
You die...

!##.######
......O♣.#
.##.####†# #.#
#.# #.# #.#
#.# #.#
#.####.#####.#
#......>..>..#
#..)...#######
#.##†#.##


You could see an ogre (poisoned).

Vanquished Creatures
  A scorpion (D:4)
  An orc wizard (D:3)
  A hound skeleton (D:3)
  3 adders
  2 worms (D:2)
  2 orcs (D:3)
  6 bats
  9 endoplasms
  A giant cockroach (D:2)
  5 goblins
  9 hobgoblins
  8 jackals
  5 kobolds
  4 quokkas
  8 ball pythons
  4 frilled lizards
  9 rats
78 creatures vanquished.

Vanquished Creatures (others)
  11 demonic plants (D:2)
  A fungus (D:2)
  A plant (D:1)
  A withered plant (D:2)
14 creatures vanquished.

Grand Total: 92 creatures vanquished

Notes
Turn   | Place    | Note
-------+----------+-------------------------------------------
     0 | D:1      | dickylongcocking the Demonspawn Venom Mage began the quest
                  | for the Orb.
     0 | D:1      | Reached XP level 1. HP: 13/13 MP: 3/3
   139 | D:1      | Reached skill level 1 in Transmutations
   286 | D:1      | Gained mutation: You have sharp toenails. [demonic
                  | ancestry]
   286 | D:1      | Reached XP level 2. HP: 18/19 MP: 1/5
  1065 | D:1      | Reached XP level 3. HP: 24/24 MP: 6/6
  1631 | D:2      | Found Potweuv's Weapon Boutique.
  1645 | D:2      | Found Tuculaly's General Store.
  1715 | D:2      | Found Ucvuromp's Antique Armour Shop.
  1720 | D:2      | Found Muerph's Assorted Antiques.
  1908 | D:2      | Found Zewecorch's Magic Scroll Shoppe.
  1925 | D:2      | Bought a scroll of teleportation for 33 gold pieces
  1946 | D:2      | Found a faded altar of an unknown god.
  1972 | D:2      | Reached XP level 4. HP: 23/30 MP: 5/8
  2368 | D:3      | Learned a level 3 spell: Ignite Poison
  2439 | D:3      | Learned a level 2 spell: Poisonous Vapours
  3002 | D:3      | Reached skill level 4 in Poison Magic
  3089 | D:3      | Gained mutation: A meltable shield of frost defends you.
                  | (SH +4) [demonic ancestry]
  3089 | D:3      | Reached XP level 5. HP: 35/35 MP: 4/9
  3643 | D:4      | Noticed an ogre
  3651 | D:4      | Gained mutation: Your magical capacity is low. (-10% MP)
                  | [potion of mutation]
  3651 | D:4      | Gained mutation: Your spells are a little harder to cast,
                  | but a little more powerful. [potion of mutation]
  3651 | D:4      | Gained mutation: Your spells are harder to cast, but more
                  | powerful. [potion of mutation]
  3663 | D:4      | Slain by an ogre

Illustrated notes

Levels and vault maps discovered:
D:1:      kennysheep_arrival_seaside, layout_loops_ring, kennysheep_small_spiral
D:2:      layout_rooms, shapermc_ecumenical_altar_gd, serial_shops,
          nicolae_shop_trees, shop, nicolae_shop_temple_entry_statues_fountains,
          nicolae_shop_stone, shop
D:3:      layout_basic, skrybe_limestone_x
D:4:      kennysheep_spiral_hall, layout_loops_ring, minmay_quantized,
          uniq_grinder

Skill      XL: |  1  2  3  4 |
---------------+-------------+-----
Transmutations | 1 2 |  2.9
Spellcasting   | 3 |  3.5
Poison Magic   | 4 |  4.3
Armour         | |  0.1
Dodging        | |  1.7
Stealth        | |  1.7

Action                   |  1- 3 |  4- 6 || total
-------------------------+-------+-------++-------
Melee: Unarmed           |     5 |    12 ||    17
       Dagger            |    99 |    38 ||   137
       Kick              |    18 |     9 ||    27
       Staff             |       |     1 ||     1
 Cast: Sting             |    60 |    25 ||    85
       Poisonous Vapours |       |    20 ||    20
  Use: Potion            |     3 |     2 ||     5
       Scroll            |       |     1 ||     1
 Stab: Sleeping          |     2 |     1 ||     3
Armor: Robe              |     9 |       ||     9
       Troll leather arm |    92 |    20 ||   112
       Skin              |     7 |    18 ||    25
Dodge: Dodged            |   185 |    36 ||   221
Block: Other             |       |     4 ||     4

Table legend: (Time is in decaauts)
 A = Elapsed time spent in this place.
 B = Non-inter-level travel time spent in this place.
 C = Inter-level travel time spent in this place.
 D = Time resting spent in this place.
 E = Time spent auto-exploring this place.
 F = Levels seen in this place.
 G = Mean time per level.
                   A        B        C        D        E       F      G
               +--------+--------+--------+--------+--------+-----+--------+
         Total |   3662 |   3503 |    159 |    549 |   2227 |   4 |  915.5 |
       Dungeon |   3662 |   3503 |    159 |    549 |   2227 |   4 |  915.5 |
               +--------+--------+--------+--------+--------+-----+--------+

Top non-repeatable levels by time:
     D:1: 1426 daAuts
     D:3: 1136 daAuts
     D:2: 1038 daAuts
     D:4: 62 daAuts
